Flyers vs Canucks
Created - December 3, 2020 at 19:38
Goals
|
Flyers |
0 |
1 |
1 |
2 |
Canucks |
4 |
0 |
1 |
5 |
|
Shots
|
Flyers |
12 |
14 |
12 |
38 |
Canucks |
11 |
14 |
7 |
32 |
|
1st period
1. Canucks , Loui Eriksson 5 (Jamie McBain 20) at 10:04
2. Canucks , Robert Nilsson 13 (Tyler Toffoli 9, Jeremy Morin 5) at 11:02
3. Canucks , Steve Eminger 1 (Robert Nilsson 16, Tyler Toffoli 10) at 13:54
4. Canucks , Jason Zucker 8 (Brandon Sutter 13, Jamie McBain 21) at 15:42
Penalties :
No Penalty
2nd period
5. Flyers , Jeff Carter 8 (Marcus Kruger 12, Oliver Ekman-Larsson 7) at 4:10 (PP)
Penalties :
Jason Akeson (Van) for Charging (Minor) at 3:12, Drew Miller (Phi) for Tripping (Minor) at 13:36, Nikita Tryamkin (Van) for Delaying the game (Minor) at 16:05
3rd period
6. Flyers , Mats Zuccarello 5 (Nathan Beaulieu 5, Matt Smaby 4) at 15:33
7. Canucks , Jason Zucker 9 (Jason Akeson 9) at 17:02
Penalties :
Robert Nilsson (Van) for Hooking (Minor) at 3:36
Goalie Stats
Steve Mason (Phi), 21 saves from 22 shots - (0.955), 44:18 minutes
Ray Emery (Phi), 6 saves from 10 shots - (0.600), L, 0-3-1, 15:42 minutes
Martin Jones (Van), 36 saves from 38 shots - (0.947), W, 2-0-1, 60:00 minutes
Players Stats for Flyers
Player Name G A P +/- PIM S H SB GA TA FO MP PP MP PK MP
------------------------------------------------------------------------------------
Brock Nelson 0 0 0 -2 0 2 2 0 0 0 1/3 16:08 0:00 0:00
Chris Mcallister 0 0 0 0 0 3 0 1 0 1 0/0 7:38 0:00 0:47
Drew Miller 0 0 0 0 2 1 3 0 0 2 0/3 14:54 2:06 0:00
Dylan Olsen 0 0 0 -1 0 0 0 0 1 0 0/0 17:45 0:00 0:52
Erik Christensen 0 0 0 0 0 2 1 0 0 0 5/12 12:48 0:00 0:00
J.T. Miller 0 0 0 -2 0 4 3 0 0 1 0/1 21:19 2:50 1:12
Jakub Voracek 0 0 0 -2 0 7 0 0 2 0 0/0 18:15 2:06 0:00
Jeff Carter 1 0 1 -2 0 3 0 0 0 0 9/25 20:07 2:50 0:00
Jeff Woywitka 0 0 0 -1 0 1 2 0 0 1 0/0 22:57 2:09 1:07
Jonathan Ericsson 0 0 0 -2 0 2 3 5 1 0 0/0 19:55 2:09 1:07
Jordan Nolan 0 0 0 -2 0 2 5 1 0 0 10/20 19:27 2:06 1:12
Marcus Kruger 0 1 1 -2 0 5 3 0 0 0 0/2 20:07 2:50 0:00
Mats Zuccarello 1 0 1 0 0 1 3 0 0 0 0/0 12:48 0:00 0:00
Matt Smaby 0 1 1 -1 0 2 1 0 0 0 0/0 16:53 0:00 0:00
Matthew Lombardi 0 0 0 0 0 1 1 0 0 0 3/4 7:38 0:00 0:47
Nathan Beaulieu 0 1 1 0 0 0 1 0 0 1 0/0 19:32 2:47 0:00
Oliver Ekman-Larsson 0 1 1 -3 0 0 3 4 1 1 0/0 22:58 2:47 0:52
Ryan Callahan 0 0 0 0 0 2 0 0 0 0 0/0 6:51 0:00 0:00
Players Stats for Canucks
Player Name G A P +/- PIM S H SB GA TA FO MP PP MP PK MP
------------------------------------------------------------------------------------
Andy Rogers 0 0 0 2 0 0 1 1 0 1 0/0 19:26 1:02 1:47
Brandon Sutter 0 1 1 2 0 4 3 0 0 2 14/20 19:44 0:46 1:26
Daniel Sedin 0 0 0 0 0 1 1 1 0 0 0/0 12:59 0:00 0:58
James Wright 0 0 0 0 0 1 3 1 2 0 5/11 12:17 0:00 0:17
Jamie McBain 0 2 2 2 0 5 2 1 2 0 0/0 28:07 0:57 3:09
Jason Akeson 0 1 1 2 2 3 3 0 1 0 0/0 18:17 0:46 0:00
Jason Zucker 2 0 2 2 0 3 2 0 0 0 0/0 18:18 0:46 0:00
Jeremy Morin 0 1 1 0 0 1 2 1 0 0 1/2 13:01 0:00 1:00
Jonathan Blum 0 0 0 0 0 0 0 1 0 0 0/0 12:27 0:00 0:00
Lane MacDermid 0 0 0 -1 0 0 0 0 0 0 0/0 1:19 0:00 0:11
Loui Eriksson 1 0 1 3 0 1 0 0 1 0 1/1 19:38 1:13 0:37
Mike Komisarek 0 0 0 2 0 2 1 0 0 1 0/0 19:26 1:02 1:47
Nikita Tryamkin 0 0 0 0 2 0 1 0 0 0 0/0 12:26 0:00 0:00
Robert Nilsson 1 1 2 3 2 5 1 1 0 1 21/36 25:50 1:13 2:13
Ryane Clowe 0 0 0 -1 0 0 0 0 0 0 0/0 5:44 0:00 0:00
Spencer Machacek 0 0 0 -1 0 0 1 0 0 0 0/0 5:44 0:00 0:00
Steve Eminger 1 0 1 2 0 3 2 0 0 0 0/0 28:07 0:57 3:09
Tyler Toffoli 0 2 2 3 0 3 1 0 1 0 0/0 22:11 1:13 3:10
3 Stars
1 - Jason Zucker (Van)
2 - Robert Nilsson (Van)
3 - Tyler Toffoli (Van)
Power Play
Flyers - 1 on 3 Attempt(s) - 33.33%
Canucks - 0 on 1 Attempt(s) - 0.00%
Penalty Kill
Flyers - 1 on 1 Attempt(s) - 100.00%
- Score 0 goal in Penalty Kill
Canucks - 2 on 3 Attempt(s) - 66.67%
- Score 0 goal in Penalty Kill
Team Stat
Flyers - Hits : 31 - Faceoff Wins : 28 - Blocked Shots : 11 - Penalty Minutes : 2
Canucks - Hits : 24 - Faceoff Wins : 42 - Blocked Shots : 7 - Penalty Minutes : 6
Official
Referees : Unknown
Linesman : Unknown
Game Notes
Steve Mason enters game at 15:42 of 1st period
Finance
Level 1 -- Attendance: 6000 (100.00%) -- Ticket Income $498,000
Level 2 -- Attendance: 4892 (97.84%) -- Ticket Income $239,708
Level 3 -- Attendance: 2000 (100.00%) -- Ticket Income $68,000
Level 4 -- Attendance: 4000 (100.00%) -- Ticket Income $68,000
Luxury Box -- Attendance: 1000 (100.00%) -- Ticket Income $98,000
Game was played at the Budweiser Coliseum.
Total Attendance: 17892 (99.40%)
Total Ticket Income: $971,708
Other Income: $145,756
Total Income: $1,117,464
Flyers
5 vs 5 Forward
Center Left Wing Right Wing Time % Phy DF OF
1 Jeff Carter J.T. Miller Marcus Kruger 33 0 1 4
2 Jordan Nolan Brock Nelson Jakub Voracek 32 0 1 4
3 Erik Christensen Drew Miller Mats Zuccarello 25 0 2 3
4 Matthew Lombardi Chris Mcallister Ryan Callahan 10 0 4 1
5 vs 5 Defense
Defense Defense Time % Phy DF OF
1 Oliver Ekman-Larsson Jonathan Ericsson 30 1 3 1
2 Jeff Woywitka Nathan Beaulieu 30 1 3 1
3 Dylan Olsen Matt Smaby 30 1 3 1
4 Oliver Ekman-Larsson Jeff Woywitka 10 1 3 1
PowerPlay Forward
Center Left Wing Right Wing Time % Phy DF OF
1 Jeff Carter J.T. Miller Marcus Kruger 50 0 1 4
2 Jordan Nolan Drew Miller Jakub Voracek 50 0 1 4
PowerPlay Defense
Defense Defense Time % Phy DF OF
1 Oliver Ekman-Larsson Nathan Beaulieu 50 0 2 3
2 Jonathan Ericsson Jeff Woywitka 50 0 2 3
Penalty Kill 4 Players Forward
Center Wing Time % Phy DF OF
1 Matthew Lombardi Chris Mcallister 50 0 4 1
2 Jordan Nolan Drew Miller 50 0 4 1
Penalty Kill 4 Players Defense
Defense Defense Time % Phy DF OF
1 Oliver Ekman-Larsson Dylan Olsen 50 1 4 0
2 Jeff Woywitka Jonathan Ericsson 50 1 4 0
Penalty Kill - 3 Players Forward
Forward Time % Phy DF OF
1 Matthew Lombardi 50 0 4 1
2 Jordan Nolan 50 0 4 1
Penalty Kill - 3 Players Defense
Defense Defense Time % Phy DF OF
1 Oliver Ekman-Larsson Dylan Olsen 50 1 4 0
2 Jeff Woywitka Jonathan Ericsson 50 1 4 0
4 vs 4 Forward
Center Wing Time % Phy DF OF
1 Jeff Carter J.T. Miller 50 0 2 3
2 Jordan Nolan Jakub Voracek 50 0 2 3
4 vs 4 Defense
Defense Defense Time % Phy DF OF
1 Oliver Ekman-Larsson Nathan Beaulieu 50 1 3 1
2 Jeff Woywitka Jonathan Ericsson 50 1 3 1
Last Minutes Offensive
Center Left Wing Right Wing Defense Defense
Jeff Carter J.T. Miller Jakub Voracek Oliver Ekman-Larsson Jeff Woywitka
Last Minutes Defensive
Center Left Wing Right Wing Defense Defense
Matthew Lombardi Drew Miller Mats Zuccarello Oliver Ekman-Larsson Dylan Olsen
Goaltenders
Starting : Ray Emery
Backup : Steve Mason
Extra Forwards
Normal : Jeff Carter, Jordan Nolan, Drew Miller - PP : Jeff Carter, Jordan Nolan - PK : Drew Miller
Extra Defensemen
Normal : Oliver Ekman-Larsson, Jeff Woywitka, Jonathan Ericsson - PP : Oliver Ekman-Larsson - PK : Oliver Ekman-Larsson, Jeff Woywitka
Penalty Shots
Jeff Carter, Jordan Nolan, J.T. Miller, Marcus Kruger, Jakub Voracek
Scratches
Brian Lashoff (Fractured Orbital Bone Injury)
Canucks
5 vs 5 Forward
Center Left Wing Right Wing Time % Phy DF OF
1 Robert Nilsson Loui Eriksson Tyler Toffoli 40 1 2 2
2 Brandon Sutter Jason Zucker Jason Akeson 30 1 2 2
3 James Wright Daniel Sedin Jeremy Morin 20 1 2 2
4 Robert Nilsson Ryane Clowe Spencer Machacek 10 1 2 2
5 vs 5 Defense
Defense Defense Time % Phy DF OF
1 Jamie McBain Steve Eminger 40 1 2 2
2 Andy Rogers Mike Komisarek 30 1 2 2
3 Jonathan Blum Nikita Tryamkin 20 1 2 2
4 Jamie McBain Steve Eminger 10 1 2 2
PowerPlay Forward
Center Left Wing Right Wing Time % Phy DF OF
1 Robert Nilsson Loui Eriksson Tyler Toffoli 60 1 2 2
2 Brandon Sutter Jason Zucker Jason Akeson 40 1 2 2
PowerPlay Defense
Defense Defense Time % Phy DF OF
1 Jamie McBain Steve Eminger 60 1 2 2
2 Andy Rogers Mike Komisarek 40 1 2 2
Penalty Kill 4 Players Forward
Center Wing Time % Phy DF OF
1 Robert Nilsson Tyler Toffoli 60 1 2 2
2 Brandon Sutter Loui Eriksson 40 1 2 2
Penalty Kill 4 Players Defense
Defense Defense Time % Phy DF OF
1 Jamie McBain Steve Eminger 60 1 2 2
2 Andy Rogers Mike Komisarek 40 1 2 2
Penalty Kill - 3 Players Forward
Forward Time % Phy DF OF
1 Robert Nilsson 60 1 2 2
2 Tyler Toffoli 40 1 2 2
Penalty Kill - 3 Players Defense
Defense Defense Time % Phy DF OF
1 Jamie McBain Steve Eminger 60 1 2 2
2 Andy Rogers Mike Komisarek 40 1 2 2
4 vs 4 Forward
Center Wing Time % Phy DF OF
1 Robert Nilsson Tyler Toffoli 60 1 2 2
2 Brandon Sutter Loui Eriksson 40 1 2 2
4 vs 4 Defense
Defense Defense Time % Phy DF OF
1 Jamie McBain Steve Eminger 60 1 2 2
2 Andy Rogers Mike Komisarek 40 1 2 2
Last Minutes Offensive
Center Left Wing Right Wing Defense Defense
Robert Nilsson Loui Eriksson Tyler Toffoli Jamie McBain Steve Eminger
Last Minutes Defensive
Center Left Wing Right Wing Defense Defense
Robert Nilsson Loui Eriksson Tyler Toffoli Jamie McBain Steve Eminger
Goaltenders
Starting : Martin Jones
Backup : Jacob Markstrom
Extra Forwards
Normal : Lane MacDermid, Daniel Sedin, Jeremy Morin - PP : Lane MacDermid, Daniel Sedin - PK : Jeremy Morin
Extra Defensemen
Normal : Jonathan Blum, Nikita Tryamkin, Andy Rogers - PP : Jonathan Blum - PK : Nikita Tryamkin, Andy Rogers
Penalty Shots
Robert Nilsson, Tyler Toffoli, Brandon Sutter, Loui Eriksson, Jason Zucker
Scratches
Drew Fata (Left Hand Injury), Dennis Everberg (Healthy)
% Time on Ice - Flyers
Lines # - Real PCT - Wanted PCT - Time Play
Normal Forward
1 - 33% - 33% - 17:17
2 - 30% - 32% - 16:09
3 - 24% - 25% - 12:48
4 - 13% - 10% - 6:51
Normal Defense
1 - 31% - 30% - 16:40
2 - 30% - 30% - 16:00
3 - 32% - 30% - 16:53
4 - 7% - 10% - 3:32
PP Forward
1 - 57% - 50% - 2:50
2 - 43% - 50% - 2:06
PP Defense
1 - 56% - 50% - 2:47
2 - 44% - 50% - 2:09
PK Forward
1 - 39% - 50% - 0:47
2 - 61% - 50% - 1:12
PK Defense
1 - 44% - 50% - 0:52
2 - 56% - 50% - 1:07
PK3 Forward
1 - 0% - 50%
2 - 0% - 50%
PK3 Defense
1 - 0% - 50%
2 - 0% - 50%
44 Forward
1 - 0% - 50%
2 - 0% - 50%
44 Defense
1 - 0% - 50%
2 - 0% - 50%
Last Minute Offensive - 0:00
Last Minute Defensive - 0:00
Total
Forward - 60:00
Defense - 60:00
|
% Time on Ice - Canucks
Lines # - Real PCT - Wanted PCT - Time Play
Normal Forward
1 - 34% - 40% - 17:49
2 - 33% - 30% - 17:32
3 - 23% - 20% - 12:00
4 - 11% - 10% - 5:44
Normal Defense
1 - 40% - 40% - 21:00
2 - 31% - 30% - 16:37
3 - 23% - 20% - 12:27
4 - 6% - 10% - 3:01
PP Forward
1 - 61% - 60% - 1:13
2 - 39% - 40% - 0:46
PP Defense
1 - 48% - 60% - 0:57
2 - 52% - 40% - 1:02
PK Forward
1 - 88% - 60% - 4:19
2 - 13% - 40% - 0:37
PK Defense
1 - 64% - 60% - 3:09
2 - 36% - 40% - 1:47
PK3 Forward
1 - 0% - 60%
2 - 0% - 40%
PK3 Defense
1 - 0% - 60%
2 - 0% - 40%
44 Forward
1 - 0% - 60%
2 - 0% - 40%
44 Defense
1 - 0% - 60%
2 - 0% - 40%
Last Minute Offensive - 0:00
Last Minute Defensive - 0:00
Total
Forward - 60:00
Defense - 60:00
|
Play-by-Play
1st period
0:01 of 1st period - Jeff Carter wins face-off versus Robert Nilsson in neutral zone.
0:16 of 1st period - Slapshot by J.T. Miller.
0:16 of 1st period - Shot Misses the Net.
0:26 of 1st period - Jonathan Ericsson is hit by Brandon Sutter and loses puck.
0:33 of 1st period - Wrist shot by Jason Zucker.
0:33 of 1st period - Deflect By Brandon Sutter.
0:33 of 1st period - Stopped by Ray Emery without a rebound.
0:34 of 1st period - James Wright wins face-off versus Erik Christensen in Flyers zone.
0:47 of 1st period - Slapshot by Mike Komisarek.
0:47 of 1st period - Stopped by Ray Emery with a rebound.
1:09 of 1st period - Snap shot by Matthew Lombardi.
1:09 of 1st period - Deflect By Chris Mcallister.
1:09 of 1st period - Shot Misses the Net.
1:09 of 1st period - Puck is out of play.
1:10 of 1st period - Jordan Nolan wins face-off versus Robert Nilsson in Canucks zone.
1:11 of 1st period - Snap shot by Jakub Voracek.
1:11 of 1st period - Stopped by Martin Jones without a rebound.
1:12 of 1st period - Jordan Nolan wins face-off versus Robert Nilsson in Canucks zone.
2:32 of 1st period - Off-side.
2:33 of 1st period - Brandon Sutter wins face-off versus Jeff Carter in neutral zone.
2:38 of 1st period - Wrist shot by Jeff Carter.
2:38 of 1st period - Shot Misses the Net.
3:38 of 1st period - Nathan Beaulieu is hit by Steve Eminger and loses puck.
3:57 of 1st period - Andy Rogers is hit by Marcus Kruger and loses puck.
4:32 of 1st period - Brandon Sutter is hit by Erik Christensen and loses puck.
5:10 of 1st period - Jason Zucker is hit by Marcus Kruger and loses puck.
5:32 of 1st period - Snap shot by Jakub Voracek.
5:32 of 1st period - Stopped by Martin Jones with a rebound.
6:03 of 1st period - Loui Eriksson is hit by Jordan Nolan and loses puck.
6:12 of 1st period - Wrist shot by Jakub Voracek.
6:12 of 1st period - Stopped by Martin Jones without a rebound.
6:13 of 1st period - Jeff Carter wins face-off versus James Wright in Canucks zone.
7:39 of 1st period - Off-side.
7:40 of 1st period - Jordan Nolan wins face-off versus Robert Nilsson in neutral zone.
8:05 of 1st period - Off-side.
8:06 of 1st period - Jeff Carter wins face-off versus Brandon Sutter in neutral zone.
8:11 of 1st period - Jason Akeson is hit by J.T. Miller and loses puck.
8:20 of 1st period - Oliver Ekman-Larsson is hit by Jason Zucker and loses puck.
8:46 of 1st period - Icing by Oliver Ekman-Larsson.
8:47 of 1st period - Erik Christensen wins face-off versus James Wright in Flyers zone.
8:54 of 1st period - Wrist shot by Jordan Nolan.
8:54 of 1st period - Shot Hit the Post.
9:00 of 1st period - Wrist shot by Jeremy Morin.
9:00 of 1st period - Shot Blocked by Jonathan Ericsson.
9:02 of 1st period - Slapshot by Steve Eminger.
9:02 of 1st period - Deflect By Daniel Sedin.
9:02 of 1st period - Shot Misses the Net.
9:02 of 1st period - Puck is out of play.
9:03 of 1st period - Jeff Carter wins face-off versus Robert Nilsson in Flyers zone.
9:03 of 1st period - Jeff Carter is hit by Robert Nilsson.
9:13 of 1st period - Wrist shot by Marcus Kruger.
9:13 of 1st period - Stopped by Martin Jones without a rebound.
9:14 of 1st period - Robert Nilsson wins face-off versus J.T. Miller in Canucks zone.
9:18 of 1st period - Off-side.
9:19 of 1st period - Robert Nilsson wins face-off versus Jeff Carter in neutral zone.
9:58 of 1st period - Slapshot by Mats Zuccarello.
9:58 of 1st period - Shot Misses the Net.
10:04 of 1st period - Snap shot by Loui Eriksson.
10:04 of 1st period - Goal by Loui Eriksson - Flyers : 0 - Canucks : 1.
10:05 of 1st period - Brandon Sutter wins face-off versus Brock Nelson in neutral zone.
10:12 of 1st period - Snap shot by Jason Akeson.
10:12 of 1st period - Shot Blocked by Jordan Nolan.
10:40 of 1st period - Snap shot by Marcus Kruger.
10:40 of 1st period - Shot Blocked by James Wright.
10:42 of 1st period - Wrist shot by J.T. Miller.
10:42 of 1st period - Shot Blocked by Andy Rogers.
10:44 of 1st period - Wrist shot by Jeff Carter.
10:44 of 1st period - Shot Misses the Net.
11:02 of 1st period - Wrist shot by Robert Nilsson.
11:02 of 1st period - Goal by Robert Nilsson - Flyers : 0 - Canucks : 2.
11:03 of 1st period - Loui Eriksson wins face-off versus Jordan Nolan in neutral zone.
11:30 of 1st period - J.T. Miller is hit by Brandon Sutter and loses puck.
11:53 of 1st period - Backhand shot by Nathan Beaulieu.
11:53 of 1st period - Shot Misses the Net.
13:26 of 1st period - Wrist shot by J.T. Miller.
13:26 of 1st period - Stopped by Martin Jones without a rebound.
13:27 of 1st period - Brandon Sutter wins face-off versus Erik Christensen in Canucks zone.
13:42 of 1st period - Snap shot by Jason Akeson.
13:42 of 1st period - Stopped by Ray Emery without a rebound.
13:43 of 1st period - Robert Nilsson wins face-off versus Jeff Carter in Flyers zone.
13:48 of 1st period - Slapshot by Tyler Toffoli.
13:48 of 1st period - Shot Misses the Net.
13:50 of 1st period - Snap shot by Tyler Toffoli.
13:50 of 1st period - Shot Misses the Net.
13:52 of 1st period - Snap shot by Robert Nilsson.
13:52 of 1st period - Stopped by Ray Emery with a rebound.
13:54 of 1st period - Snap shot by Steve Eminger.
13:54 of 1st period - Goal by Steve Eminger - Flyers : 0 - Canucks : 3.
13:55 of 1st period - Robert Nilsson wins face-off versus Jeff Carter in neutral zone.
14:16 of 1st period - Robert Nilsson is hit by Jonathan Ericsson and loses puck.
14:23 of 1st period - Wrist shot by Jamie McBain.
14:23 of 1st period - Shot Blocked by Jonathan Ericsson.
14:25 of 1st period - Slapshot by Jamie McBain.
14:25 of 1st period - Shot Misses the Net.
14:27 of 1st period - Slapshot by Robert Nilsson.
14:27 of 1st period - Stopped by Ray Emery with a rebound.
14:29 of 1st period - Snap shot by Jamie McBain.
14:29 of 1st period - Stopped by Ray Emery without a rebound.
14:30 of 1st period - Brandon Sutter wins face-off versus Brock Nelson in Flyers zone.
14:57 of 1st period - Drew Miller is hit by Daniel Sedin and loses puck.
15:28 of 1st period - Slapshot by Chris Mcallister.
15:28 of 1st period - Stopped by Martin Jones with a rebound.
15:42 of 1st period - Wrist shot by Jason Zucker.
15:42 of 1st period - Goal by Jason Zucker - Flyers : 0 - Canucks : 4.
15:42 of 1st period - Steve Mason enters game.
15:43 of 1st period - Jordan Nolan wins face-off versus Robert Nilsson in neutral zone.
15:46 of 1st period - Tyler Toffoli is hit by Jordan Nolan and loses puck.
17:23 of 1st period - Snap shot by Tyler Toffoli.
17:23 of 1st period - Stopped by Steve Mason without a rebound.
17:24 of 1st period - Brandon Sutter wins face-off versus Jeff Carter in Flyers zone.
17:33 of 1st period - Snap shot by Jamie McBain.
17:33 of 1st period - Shot Misses the Net.
17:39 of 1st period - Slapshot by Matt Smaby.
17:39 of 1st period - Stopped by Martin Jones without a rebound.
17:40 of 1st period - James Wright wins face-off versus Jordan Nolan in Canucks zone.
17:40 of 1st period - James Wright is hit by Jordan Nolan.
18:34 of 1st period - Slapshot by Matthew Lombardi.
18:34 of 1st period - Stopped by Martin Jones without a rebound.
18:35 of 1st period - Brandon Sutter wins face-off versus Matthew Lombardi in Canucks zone.
18:40 of 1st period - Wrist shot by Chris Mcallister.
18:40 of 1st period - Stopped by Martin Jones with a rebound.
18:46 of 1st period - Snap shot by Chris Mcallister.
18:46 of 1st period - Stopped by Martin Jones with a rebound.
18:48 of 1st period - Slapshot by Oliver Ekman-Larsson.
18:48 of 1st period - Shot Misses the Net.
18:56 of 1st period - Snap shot by Ryan Callahan.
18:56 of 1st period - Stopped by Martin Jones without a rebound.
18:57 of 1st period - Brock Nelson wins face-off versus James Wright in Canucks zone.
19:00 of 1st period - Snap shot by Jakub Voracek.
19:00 of 1st period - Stopped by Martin Jones without a rebound.
19:01 of 1st period - Jordan Nolan wins face-off versus Jeremy Morin in Canucks zone.
Goals for this period are 0 for Flyers vs 4 for Canucks.
Shots for this period are 12 for Flyers vs 11 for Canucks.
2nd period
0:01 of 2nd period - Robert Nilsson wins face-off versus Jordan Nolan in neutral zone.
0:04 of 2nd period - Slapshot by Jamie McBain.
0:04 of 2nd period - Shot Blocked by Oliver Ekman-Larsson.
0:06 of 2nd period - Slapshot by Steve Eminger.
0:06 of 2nd period - Shot Misses the Net.
0:08 of 2nd period - Slapshot by Loui Eriksson.
0:08 of 2nd period - Shot Blocked by Jonathan Ericsson.
0:12 of 2nd period - Slapshot by Jamie McBain.
0:12 of 2nd period - Stopped by Steve Mason with a rebound.
0:14 of 2nd period - Snap shot by Loui Eriksson.
0:14 of 2nd period - Shot Blocked by Jonathan Ericsson.
0:16 of 2nd period - Wrist shot by Tyler Toffoli.
0:16 of 2nd period - Shot Blocked by Jonathan Ericsson.
0:53 of 2nd period - Snap shot by James Wright.
0:53 of 2nd period - Shot Misses the Net.
0:57 of 2nd period - Snap shot by Jeremy Morin.
0:57 of 2nd period - Shot Misses the Net.
0:59 of 2nd period - Slapshot by Jonathan Blum.
0:59 of 2nd period - Shot Misses the Net.
1:53 of 2nd period - Steve Eminger is hit by Nathan Beaulieu and loses puck.
2:10 of 2nd period - Snap shot by Jeff Woywitka.
2:10 of 2nd period - Deflect By Mats Zuccarello.
2:10 of 2nd period - Shot Blocked by Jeremy Morin.
2:10 of 2nd period - Puck is out of play.
2:11 of 2nd period - James Wright wins face-off versus Erik Christensen in Canucks zone.
2:22 of 2nd period - James Wright is hit by Mats Zuccarello.
2:30 of 2nd period - Wrist shot by Daniel Sedin.
2:30 of 2nd period - Stopped by Steve Mason without a rebound.
2:31 of 2nd period - Jordan Nolan wins face-off versus Robert Nilsson in Flyers zone.
2:42 of 2nd period - Snap shot by Jordan Nolan.
2:42 of 2nd period - Deflect By Brock Nelson.
2:42 of 2nd period - Stopped by Martin Jones with a rebound.
2:59 of 2nd period - Off-side.
3:00 of 2nd period - Brandon Sutter wins face-off versus Jeff Carter in neutral zone.
3:12 of 2nd period - Minor Penalty to Jason Akeson for Charging.
3:13 of 2nd period - Jeff Carter wins face-off versus Robert Nilsson in Canucks zone.
3:36 of 2nd period - Icing by Oliver Ekman-Larsson.
3:37 of 2nd period - Robert Nilsson wins face-off versus Jeff Carter in Flyers zone.
4:00 of 2nd period - Slapshot by Nathan Beaulieu.
4:00 of 2nd period - Shot Misses the Net.
4:10 of 2nd period - Wrist shot by Jeff Carter.
4:10 of 2nd period - Goal by Jeff Carter - Flyers : 1 - Canucks : 4.
4:11 of 2nd period - Brandon Sutter wins face-off versus Jordan Nolan in neutral zone.
4:20 of 2nd period - Jonathan Ericsson is hit by Jamie McBain and loses puck.
4:48 of 2nd period - Snap shot by Brandon Sutter.
4:48 of 2nd period - Shot Hit the Post.
4:50 of 2nd period - Slapshot by Mike Komisarek.
4:50 of 2nd period - Deflect By Jonathan Ericsson.
4:50 of 2nd period - Stopped by Steve Mason with a rebound.
4:52 of 2nd period - Snap shot by Jason Akeson.
4:52 of 2nd period - Stopped by Steve Mason without a rebound.
4:53 of 2nd period - Jeff Carter wins face-off versus Robert Nilsson in Flyers zone.
5:20 of 2nd period - Jamie McBain is hit by Brock Nelson and loses puck.
5:38 of 2nd period - Icing by Steve Eminger.
5:39 of 2nd period - Robert Nilsson wins face-off versus Erik Christensen in Canucks zone.
5:39 of 2nd period - Robert Nilsson is hit by Drew Miller.
6:30 of 2nd period - James Wright is hit by Brock Nelson and loses puck.
7:04 of 2nd period - Wrist shot by Chris Mcallister.
7:04 of 2nd period - Shot Blocked by Jonathan Blum.
7:10 of 2nd period - Jonathan Ericsson is hit by Jason Akeson and loses puck.
7:23 of 2nd period - Jonathan Ericsson is hit by Jamie McBain and loses puck.
8:02 of 2nd period - Slapshot by Jakub Voracek.
8:02 of 2nd period - Shot Misses the Net.
8:04 of 2nd period - Snap shot by Jeff Woywitka.
8:04 of 2nd period - Stopped by Martin Jones with a rebound.
8:06 of 2nd period - Snap shot by Jordan Nolan.
8:06 of 2nd period - Stopped by Martin Jones with a rebound.
8:24 of 2nd period - Wrist shot by Marcus Kruger.
8:24 of 2nd period - Stopped by Martin Jones with a rebound.
8:26 of 2nd period - Snap shot by Jeff Carter.
8:26 of 2nd period - Stopped by Martin Jones with a rebound.
8:28 of 2nd period - Slapshot by Jeff Carter.
8:28 of 2nd period - Stopped by Martin Jones without a rebound.
8:29 of 2nd period - Erik Christensen wins face-off versus James Wright in Canucks zone.
8:42 of 2nd period - Slapshot by Matt Smaby.
8:42 of 2nd period - Stopped by Martin Jones without a rebound.
8:43 of 2nd period - Robert Nilsson wins face-off versus Jeff Carter in Canucks zone.
9:09 of 2nd period - Loui Eriksson is hit by Drew Miller and loses puck.
9:40 of 2nd period - Snap shot by Jakub Voracek.
9:40 of 2nd period - Shot Misses the Net.
9:57 of 2nd period - Daniel Sedin is hit by Matthew Lombardi and loses puck.
10:06 of 2nd period - Slapshot by Jamie McBain.
10:06 of 2nd period - Stopped by Steve Mason without a rebound.
10:07 of 2nd period - James Wright wins face-off versus Jeff Carter in Flyers zone.
10:34 of 2nd period - Andy Rogers is hit by Jordan Nolan and loses puck.
10:44 of 2nd period - Off-side.
10:45 of 2nd period - Robert Nilsson wins face-off versus Erik Christensen in neutral zone.
11:12 of 2nd period - Jonathan Blum is hit by Marcus Kruger and loses puck.
11:21 of 2nd period - Backhand shot by J.T. Miller.
11:21 of 2nd period - Shot Misses the Net.
11:23 of 2nd period - Slapshot by Jonathan Ericsson.
11:23 of 2nd period - Stopped by Martin Jones with a rebound.
11:25 of 2nd period - Wrist shot by Jonathan Ericsson.
11:25 of 2nd period - Stopped by Martin Jones with a rebound.
11:41 of 2nd period - Snap shot by Jason Zucker.
11:41 of 2nd period - Shot Misses the Net.
11:43 of 2nd period - Snap shot by Jason Akeson.
11:43 of 2nd period - Shot Blocked by Chris Mcallister.
11:45 of 2nd period - Wrist shot by Jason Akeson.
11:45 of 2nd period - Stopped by Steve Mason with a rebound.
11:47 of 2nd period - Wrist shot by Jason Akeson.
11:47 of 2nd period - Shot Misses the Net.
11:53 of 2nd period - Snap shot by Brandon Sutter.
11:53 of 2nd period - Deflect By Jason Zucker.
11:53 of 2nd period - Shot Blocked by Oliver Ekman-Larsson.
11:53 of 2nd period - Puck is out of play.
11:54 of 2nd period - Robert Nilsson wins face-off versus Jordan Nolan in Flyers zone.
12:29 of 2nd period - Snap shot by Jeremy Morin.
12:29 of 2nd period - Stopped by Steve Mason without a rebound.
12:30 of 2nd period - Robert Nilsson wins face-off versus Drew Miller in Flyers zone.
12:39 of 2nd period - Snap shot by Loui Eriksson.
12:39 of 2nd period - Shot Misses the Net.
12:44 of 2nd period - Off-side.
12:45 of 2nd period - Jeff Carter wins face-off versus Brandon Sutter in neutral zone.
13:21 of 2nd period - Snap shot by Brock Nelson.
13:21 of 2nd period - Shot Blocked by Robert Nilsson.
13:23 of 2nd period - Slapshot by Brock Nelson.
13:23 of 2nd period - Shot Misses the Net.
13:25 of 2nd period - Slapshot by Nathan Beaulieu.
13:25 of 2nd period - Shot Misses the Net.
13:36 of 2nd period - Minor Penalty to Drew Miller for Tripping.
13:37 of 2nd period - Matthew Lombardi wins face-off versus Robert Nilsson in Flyers zone.
13:52 of 2nd period - Wrist shot by Tyler Toffoli.
13:52 of 2nd period - Stopped by Steve Mason without a rebound.
13:53 of 2nd period - Matthew Lombardi wins face-off versus Robert Nilsson in Flyers zone.
14:28 of 2nd period - Snap shot by Jamie McBain.
14:28 of 2nd period - Stopped by Steve Mason without a rebound.
14:29 of 2nd period - Jordan Nolan wins face-off versus Robert Nilsson in Flyers zone.
15:36 of 2nd period - Penalty to Drew Miller is over, Drew Miller is back on ice.
15:41 of 2nd period - Jeff Woywitka is hit by James Wright and loses puck.
16:05 of 2nd period - Minor Penalty to Nikita Tryamkin for Delaying the game.
16:06 of 2nd period - Robert Nilsson wins face-off versus Drew Miller in Canucks zone.
16:37 of 2nd period - Wrist shot by J.T. Miller.
16:37 of 2nd period - Stopped by Martin Jones without a rebound.
16:38 of 2nd period - Robert Nilsson wins face-off versus Jeff Carter in Canucks zone.
16:47 of 2nd period - Slapshot by J.T. Miller.
16:47 of 2nd period - Stopped by Martin Jones without a rebound.
16:48 of 2nd period - Robert Nilsson wins face-off versus Drew Miller in Canucks zone.
17:23 of 2nd period - Snap shot by Marcus Kruger.
17:23 of 2nd period - Stopped by Martin Jones with a rebound.
18:05 of 2nd period - Penalty to Nikita Tryamkin is over, Nikita Tryamkin is back on ice.
18:11 of 2nd period - Wrist shot by James Wright.
18:11 of 2nd period - Stopped by Steve Mason without a rebound.
18:12 of 2nd period - Matthew Lombardi wins face-off versus James Wright in Flyers zone.
18:19 of 2nd period - Wrist shot by Matt Smaby.
18:19 of 2nd period - Shot Blocked by Daniel Sedin.
18:24 of 2nd period - Off-side.
18:25 of 2nd period - Jeff Carter wins face-off versus Brandon Sutter in neutral zone.
18:52 of 2nd period - Jakub Voracek is hit by Andy Rogers and loses puck.
18:59 of 2nd period - Snap shot by Robert Nilsson.
18:59 of 2nd period - Stopped by Steve Mason with a rebound.
19:01 of 2nd period - Slapshot by Steve Eminger.
19:01 of 2nd period - Stopped by Steve Mason with a rebound.
19:03 of 2nd period - Snap shot by Steve Eminger.
19:03 of 2nd period - Stopped by Steve Mason without a rebound.
19:04 of 2nd period - Robert Nilsson wins face-off versus Jeff Carter in Flyers zone.
19:17 of 2nd period - Wrist shot by Robert Nilsson.
19:17 of 2nd period - Shot Blocked by Oliver Ekman-Larsson.
19:19 of 2nd period - Wrist shot by Tyler Toffoli.
19:19 of 2nd period - Stopped by Steve Mason with a rebound.
19:26 of 2nd period - Icing by Jonathan Ericsson.
19:27 of 2nd period - Jordan Nolan wins face-off versus Brandon Sutter in Flyers zone.
19:27 of 2nd period - Jordan Nolan is hit by Brandon Sutter.
19:35 of 2nd period - Slapshot by Jakub Voracek.
19:35 of 2nd period - Stopped by Martin Jones with a rebound.
19:45 of 2nd period - Oliver Ekman-Larsson is hit by Mike Komisarek and loses puck.
19:59 of 2nd period - Snap shot by Jakub Voracek.
19:59 of 2nd period - Shot Misses the Net.
Goals for this period are 1 for Flyers vs 0 for Canucks.
Shots for this period are 14 for Flyers vs 14 for Canucks.
3rd period
0:01 of 3rd period - Robert Nilsson wins face-off versus Jeff Carter in neutral zone.
0:26 of 3rd period - Jakub Voracek is hit by Jason Akeson.
0:40 of 3rd period - Icing by Brandon Sutter.
0:41 of 3rd period - Brandon Sutter wins face-off versus Jeff Carter in Canucks zone.
0:46 of 3rd period - Slapshot by Brandon Sutter.
0:46 of 3rd period - Stopped by Steve Mason with a rebound.
0:48 of 3rd period - Slapshot by Jamie McBain.
0:48 of 3rd period - Stopped by Steve Mason without a rebound.
0:49 of 3rd period - Jeff Carter wins face-off versus Robert Nilsson in Flyers zone.
0:58 of 3rd period - Slapshot by Jonathan Ericsson.
0:58 of 3rd period - Deflect By Marcus Kruger.
0:58 of 3rd period - Stopped by Martin Jones without a rebound.
0:59 of 3rd period - Robert Nilsson wins face-off versus Jeff Carter in Canucks zone.
0:59 of 3rd period - Robert Nilsson is hit by Matt Smaby.
1:09 of 3rd period - Backhand shot by Jeff Carter.
1:09 of 3rd period - Shot Misses the Net.
1:11 of 3rd period - Snap shot by J.T. Miller.
1:11 of 3rd period - Shot Misses the Net.
1:13 of 3rd period - Slapshot by Matt Smaby.
1:13 of 3rd period - Shot Misses the Net.
1:15 of 3rd period - Snap shot by J.T. Miller.
1:15 of 3rd period - Stopped by Martin Jones with a rebound.
1:37 of 3rd period - Snap shot by Brandon Sutter.
1:37 of 3rd period - Stopped by Steve Mason with a rebound.
1:39 of 3rd period - Slapshot by Andy Rogers.
1:39 of 3rd period - Shot Misses the Net.
1:53 of 3rd period - Snap shot by Erik Christensen.
1:53 of 3rd period - Stopped by Martin Jones with a rebound.
2:09 of 3rd period - Mats Zuccarello is hit by Spencer Machacek and loses puck.
2:40 of 3rd period - Dylan Olsen is hit by Jeremy Morin and loses puck.
2:57 of 3rd period - Snap shot by Dylan Olsen.
2:57 of 3rd period - Shot Misses the Net.
3:18 of 3rd period - Jakub Voracek is hit by Jason Zucker and loses puck.
3:36 of 3rd period - Minor Penalty to Robert Nilsson for Hooking.
3:37 of 3rd period - Jeremy Morin wins face-off versus Jeff Carter in Canucks zone.
3:47 of 3rd period - Jeremy Morin is hit by J.T. Miller and loses puck.
4:14 of 3rd period - Andy Rogers is hit by Jonathan Ericsson.
5:36 of 3rd period - Penalty to Robert Nilsson is over, Robert Nilsson is back on ice.
5:42 of 3rd period - Slapshot by Andy Rogers.
5:42 of 3rd period - Shot Misses the Net.
5:44 of 3rd period - Wrist shot by Robert Nilsson.
5:44 of 3rd period - Shot Misses the Net.
6:11 of 3rd period - Slapshot by Matt Smaby.
6:11 of 3rd period - Shot Misses the Net.
6:13 of 3rd period - Wrist shot by Matthew Lombardi.
6:13 of 3rd period - Deflect By Ryan Callahan.
6:13 of 3rd period - Stopped by Martin Jones with a rebound.
6:29 of 3rd period - Mike Komisarek is hit by Mats Zuccarello and loses puck.
6:50 of 3rd period - Brock Nelson is hit by Steve Eminger.
6:56 of 3rd period - Snap shot by Spencer Machacek.
6:56 of 3rd period - Shot Blocked by Oliver Ekman-Larsson.
7:12 of 3rd period - Jonathan Ericsson is hit by Nikita Tryamkin and loses puck.
7:39 of 3rd period - Nathan Beaulieu is hit by Jeremy Morin and loses puck.
7:52 of 3rd period - Ryane Clowe is hit by Jeff Woywitka and loses puck.
8:12 of 3rd period - Erik Christensen is hit by Jason Akeson and loses puck.
9:01 of 3rd period - Andy Rogers is hit by Oliver Ekman-Larsson and loses puck.
9:25 of 3rd period - Nikita Tryamkin is hit by Jordan Nolan and loses puck.
9:36 of 3rd period - Ryane Clowe is hit by Drew Miller and loses puck.
10:09 of 3rd period - Daniel Sedin is hit by J.T. Miller.
10:14 of 3rd period - Icing by Jeremy Morin.
10:15 of 3rd period - James Wright wins face-off versus Jordan Nolan in Canucks zone.
10:22 of 3rd period - Slapshot by Jakub Voracek.
10:22 of 3rd period - Stopped by Martin Jones without a rebound.
10:23 of 3rd period - Robert Nilsson wins face-off versus Jordan Nolan in Canucks zone.
10:23 of 3rd period - Robert Nilsson is hit by Jeff Woywitka.
10:52 of 3rd period - Wrist shot by Jason Zucker.
10:52 of 3rd period - Shot Misses the Net.
11:14 of 3rd period - Slapshot by Jordan Nolan.
11:14 of 3rd period - Shot Misses the Net.
11:16 of 3rd period - Wrist shot by Jakub Voracek.
11:16 of 3rd period - Stopped by Martin Jones without a rebound.
11:17 of 3rd period - Robert Nilsson wins face-off versus Marcus Kruger in Canucks zone.
11:24 of 3rd period - Loui Eriksson is hit by Jonathan Ericsson and loses puck.
11:39 of 3rd period - Loui Eriksson is hit by Oliver Ekman-Larsson and loses puck.
13:18 of 3rd period - Jonathan Ericsson is hit by Tyler Toffoli and loses puck.
13:37 of 3rd period - Snap shot by Marcus Kruger.
13:37 of 3rd period - Stopped by Martin Jones without a rebound.
13:38 of 3rd period - Jordan Nolan wins face-off versus Brandon Sutter in Canucks zone.
14:12 of 3rd period - Snap shot by Daniel Sedin.
14:12 of 3rd period - Deflect By Jeremy Morin.
14:12 of 3rd period - Shot Misses the Net.
14:12 of 3rd period - Puck is out of play.
14:13 of 3rd period - Erik Christensen wins face-off versus James Wright in Flyers zone.
14:13 of 3rd period - Erik Christensen is hit by James Wright.
15:31 of 3rd period - Wrist shot by Mats Zuccarello.
15:31 of 3rd period - Shot Blocked by Jamie McBain.
15:33 of 3rd period - Snap shot by Mats Zuccarello.
15:33 of 3rd period - Goal by Mats Zuccarello - Flyers : 2 - Canucks : 4.
15:34 of 3rd period - Erik Christensen wins face-off versus Brandon Sutter in neutral zone.
15:41 of 3rd period - Snap shot by Drew Miller.
15:41 of 3rd period - Stopped by Martin Jones with a rebound.
15:43 of 3rd period - Snap shot by Erik Christensen.
15:43 of 3rd period - Stopped by Martin Jones without a rebound.
15:44 of 3rd period - Brandon Sutter wins face-off versus Erik Christensen in Canucks zone.
15:49 of 3rd period - Slapshot by Jamie McBain.
15:49 of 3rd period - Deflect By Brandon Sutter.
15:49 of 3rd period - Stopped by Steve Mason without a rebound.
15:50 of 3rd period - Robert Nilsson wins face-off versus Erik Christensen in Flyers zone.
16:25 of 3rd period - Wrist shot by Jeff Carter.
16:25 of 3rd period - Deflect By Marcus Kruger.
16:25 of 3rd period - Shot Misses the Net.
16:25 of 3rd period - Puck is out of play.
16:26 of 3rd period - Brandon Sutter wins face-off versus Jeff Carter in Canucks zone.
16:28 of 3rd period - Icing by Mike Komisarek.
16:29 of 3rd period - Brandon Sutter wins face-off versus Marcus Kruger in Canucks zone.
17:02 of 3rd period - Snap shot by Jason Zucker.
17:02 of 3rd period - Goal by Jason Zucker - Flyers : 2 - Canucks : 5.
17:03 of 3rd period - Jordan Nolan wins face-off versus Robert Nilsson in neutral zone.
17:55 of 3rd period - Brandon Sutter is hit by Oliver Ekman-Larsson and loses puck.
18:15 of 3rd period - Icing by Brandon Sutter.
18:16 of 3rd period - Brandon Sutter wins face-off versus Jordan Nolan in Canucks zone.
18:29 of 3rd period - Snap shot by Jordan Nolan.
18:29 of 3rd period - Stopped by Martin Jones with a rebound.
18:31 of 3rd period - Wrist shot by Brock Nelson.
18:31 of 3rd period - Stopped by Martin Jones with a rebound.
18:33 of 3rd period - Snap shot by Jakub Voracek.
18:33 of 3rd period - Shot Misses the Net.
18:42 of 3rd period - Off-side.
18:43 of 3rd period - Erik Christensen wins face-off versus Robert Nilsson in neutral zone.
18:46 of 3rd period - Tyler Toffoli is hit by Mats Zuccarello and loses puck.
19:09 of 3rd period - Erik Christensen is hit by James Wright and loses puck.
19:33 of 3rd period - Snap shot by Robert Nilsson.
19:33 of 3rd period - Stopped by Steve Mason without a rebound.
19:34 of 3rd period - Robert Nilsson wins face-off versus Jordan Nolan in Flyers zone.
19:46 of 3rd period - Icing by Oliver Ekman-Larsson.
19:47 of 3rd period - Brandon Sutter wins face-off versus Jordan Nolan in Flyers zone.
19:48 of 3rd period - Snap shot by Jason Zucker.
19:48 of 3rd period - Stopped by Steve Mason with a rebound.
Goals for this period are 1 for Flyers vs 1 for Canucks.
Shots for this period are 12 for Flyers vs 7 for Canucks.